AoeStats
← EY

African Clearing

504750006Analyzed
3v3 RM · 24d ago on Sep 6, 2026· 42m 8s· 6 players
Game mode
Random Map
Map size
Normal (6 player)
Population
200
Speed
Normal
Resources
Standard
Victory
Conquest
Starting age
Dark Age
Ending age
Imperial Age
RankedLock teamsTeams togetherTeam positionsShared explorationLock speedFull tech treeHidden civsTurbo modeCheats
Victory
Defeat
🇹🇼 Muisca · Taiwan
1345
+14
🇭🇰 Wei · Hong Kong SAR China
1286
+17
🇭🇰 Chinese · Hong Kong SAR China
1205
+20
🇦🇷 Bohemians · Argentina
1309
-17
🇳🇱 Vietnamese · Netherlands
1307
-17
🇳🇬 Cumans · Nigeria
1300
-17
EY
13:35 Feudal Age
17:33 Castle Age
16:35 Double-Bit Axe
17:19 Scale Barding Armor
18:27 Loom
19:19 Bow Saw
28:43 Wheelbarrow
27:55 Town Watch
28:44 Fletching
29:20 Gold Mining
29:35 Bodkin Arrow
35:31 Imperial Age
33:40 Forging
36:19 Chain Barding Armor
37:03 Iron Casting
36:39 Elite Tiger Cavalry
37:40 Conscription
37:31 Capped Ram
39:27 Blast Furnace
39:27 Gold Shaft Mining
38:43 Stone Mining
38:34 Horse Collar
39:13 Hand Cart
38:58 Town Patrol
39:15 Bloodlines
40:07 Ming Guang Armor
40:01 Husbandry
42:27 Town Patrol
runranrunrunning
10:07 Loom
13:52 Feudal Age
17:56 Castle Age
16:37 Fletching
16:48 Padded Archer Armor
16:41 Double-Bit Axe
16:37 Horse Collar
20:15 Bow Saw
21:17 Bodkin Arrow
21:23 Padded Archer Armor
24:14 Heavy Plow
Sugar Honey Ice Tea
3:28 Loom
15:50 Feudal Age
20:23 Castle Age
18:55 Double-Bit Axe
19:20 Scale Mail Armor
20:14 Forging
21:40 Squires
23:08 Arson
24:30 Gold Mining
26:05 Chain Mail Armor
30:55 Iron Casting
32:57 Fletching
El Tornado
13:45 Feudal Age
18:19 Castle Age
16:29 Horse Collar
17:40 Double-Bit Axe
20:53 Wheelbarrow
22:57 Forging
22:47 Scale Mail Armor
24:03 Bow Saw
26:42 Chain Mail Armor
29:15 Heavy Plow
29:49 Hand Cart
29:21 Loom
30:30 Iron Casting
30:17 Fletching
30:28 Padded Archer Armor
30:18 Fletching
30:28 Padded Archer Armor
30:31 Crossbowman
34:20 Imperial Age
31:46 Bodkin Arrow
32:07 Leather Archer Armor
32:18 Leather Archer Armor
32:26 Gold Mining
32:26 Stone Mining
34:13 Ballistics
35:02 Bracer
35:32 Ring Archer Armor
34:33 Elite Skirmisher
34:50 Arbalester
35:36 Thumb Ring
36:44 Bracer
39:22 Town Watch
43:19 Chemistry
Soy un Cacahuate
12:20 Feudal Age
16:08 Castle Age
14:29 Double-Bit Axe
15:26 Loom
15:33 Horse Collar
17:08 Bow Saw
37:39 Heavy Plow
38:20 Wheelbarrow
40:28 Hand Cart
D_Baron
3:44 Loom
13:25 Feudal Age
14:14 Double-Bit Axe
15:06 Wheelbarrow
14:20 Town Watch
15:19 Wheelbarrow
21:02 Bloodlines
26:42 Castle Age
24:44 Fletching
29:16 Bodkin Arrow
36:19 Horse Collar
Connection lost

Rejoining the realm…

Still unreachable

The connection could not be restored.

Session expired

The server has moved on; the page needs a fresh start.